 Dungeon Crawl Stone Soup version 0.29.1-12-g30fa7ad0bf (webtiles) character file.

Game seed: 5499285889110044242

241 hawla the Chiller (level 6, -9/45 HPs)
             Began as a Meteoran Ice Elementalist on Jan 9, 2023.
             Mangled by an iguana (10 damage)
             ... on level 5 of the Dungeon.
             The game lasted 00:04:29 (697 turns).

hawla the Chiller (Meteoran Ice Elementalist)        Turns: 697, Time: 00:04:30

Health: -9/45      AC:  2    Str: 10    XL:     6   Next: 56%
Magic:  0/12       EV: 12    Int: 18    God:
Gold:   76         SH:  0    Dex: 15    Spells: 4/12 levels left

rFire   . . .      SeeInvis +   (no weapon)
rCold   . . .      Faith    .   (no shield)
rNeg    . . .      Spirit   .   a - +0 robe
rPois   .          Reflect  .   (no helmet)
rElec   .          Harm     .   (no cloak)
rCorr   .          Rampage  .   (no gloves)
Will    .....                   (no boots)
Stlth   +.........              (no amulet)
HPRegen 0.15/turn               j - ring of see invisible
MPRegen 0.13/turn               (no ring)

@: glowing
A: sense surroundings 1, otherworldly, glowing, explore regen
a: no special abilities


You were on level 5 of the Dungeon.
You visited 1 branch of the dungeon, and saw 5 of its levels.

You collected 76 gold pieces.

Inventory:

Armour
 a - a +0 robe (worn)
Jewellery
 b - a ring of fire
 j - a ring of see invisible (left hand)
Scrolls
 c - 2 scrolls of identify {unknown}
 e - a scroll of noise {unknown}
 f - a scroll of enchant weapon {unknown}
 g - 2 scrolls of vulnerability {unknown}
 h - a scroll of summoning {unknown}
 k - a scroll of teleportation {unknown}
Potions
 d - a potion of attraction
 i - a potion of cancellation


   Skills:
 - Level 2.5 Dodging
 - Level 1.4 Stealth
 - Level 3.8 Spellcasting
 + Level 4.7 Conjurations
 - Level 5.7 Ice Magic


You had 4 spell levels left.
You knew the following spells:

 Your Spells              Type           Power      Damage    Failure   Level
a - Freeze                Ice            96%        1d11      1%          1
b - Frozen Ramparts       Ice            48%        1d8       4%          3
c - Hailstorm             Conj/Ice       22%        3d7       17%         4

Your spell library contained the following spells:

 Spells                   Type           Power      Damage    Failure   Level
 Ozocubu's Armour         Ice            24%        N/A       4%          3


Dungeon Overview and Level Annotations

Branches:
Dungeon (5/15) Zot: 2303
 Temple: D:4-7

Altars:
Cheibriados
Fedhas


Innate Abilities, Weirdness & Mutations

You passively map a small area around you.
You are easily found by Zot.
You glow in the dark.
You regain HP and MP as you explore.


Message History

The orc wizard flickers and vanishes for a moment.
It was a potion of cancellation.
Your magical effects are unravelling.
You feel magically purged.
The frozen ramparts melt away.
You feel less confused.
The iguana hisses menacingly.
The iguana barely misses you.
The orc priest invokes the aid of Beogh against you.
Beogh smites you!
The orc wizard gestures at you while chanting.
The puff of flame hits you.
You feel less attractive to monsters.
Casting: Freeze (safe; 1% risk of failure)
Confirm with . or Enter, or press ? or * to list all spells.
Aiming: Freeze (safe; 1% risk of failure)
Press: ? - help, Shift-Dir - straight line, f/p - orc wizard
Aim: an orc wizard, wielding a +0 dagger and wearing a +0 robe (almost dead, slightly transparent)
You freeze the orc wizard!
You kill the orc wizard!
The iguana bites you!
* * * LOW HITPOINT WARNING * * *
Your Conjurations skill increases to level 4!
Casting: Freeze (safe; 1% risk of failure)
Confirm with . or Enter, or press ? or * to list all spells.
Aiming: Freeze (safe; 1% risk of failure)
Press: ? - help, Shift-Dir - straight line, f - orc priest
Aim: an orc priest, wielding a +0 club (almost dead)
You freeze the orc priest.
You kill the orc priest!
The iguana completely misses you.
Unknown command.
It was a potion of curing.
You feel better. The iguana bites you!
* * * LOW HITPOINT WARNING * * *
You see here a +0 dagger.
Okay, then.
The iguana attacks as you move away! The iguana barely misses you.
The iguana bites you.
* * * LOW HITPOINT WARNING * * *
There is a stone staircase leading down here.
The iguana bites you!
You die...

* * , * *
, , , * *
, , < * ,,
, , #####
* , *
,##...## ,
,
##8.@.8##
,
,#))l....#
, ,
#.<.8.<.#
, , *
#).)....#
, , ,
##8...8##,
, * ,
##...## *
, ,##+##
** , ,* ,
, , ,* ,


You could see an iguana.

Vanquished Creatures
  2 hounds (D:4)
  3 orc priests (D:5)
  An orc wizard (D:5)
  A gnoll (D:1)
  2 adders
  A worm (D:3)
  4 orcs
  A bat (D:3)
  4 endoplasms
  2 goblins (D:2)
  3 hobgoblins
  7 jackals (D:2)
  A ball python (D:4)
  A frilled lizard (D:2)
  4 kobolds
37 creatures vanquished.

Notes
Turn   | Place    | Note
-------+----------+-------------------------------------------
     0 | D:1      | hawla the Meteoran Ice Elementalist began the quest for the
                  | Orb.
     0 | D:1      | Reached XP level 1. HP: 14/14 MP: 5/5
    43 | D:1      | Reached XP level 2. HP: 11/20 MP: 1/6
    60 | D:2      | Reached XP level 3. HP: 16/26 MP: 3/8
    62 | D:2      | Reached skill level 5 in Ice Magic
   298 | D:3      | Reached XP level 4. HP: 33/33 MP: 7/9
   378 | D:3      | Learned a level 3 spell: Frozen Ramparts
   519 | D:4      | Reached XP level 5. HP: 38/38 MP: 7/11
   524 | D:4      | Learned a level 4 spell: Hailstorm
   530 | D:4      | Identified the +5 ring mail "Coiss" {rElec Dex+4}
   587 | D:4      | Reached skill level 1 in Conjurations
   598 | D:4      | Found a blossoming altar of Fedhas.
   598 | D:4      | Found a snail-covered altar of Cheibriados.
   681 | D:5      | Entered Level 5 of the Dungeon
   687 | D:5      | Reached XP level 6. HP: 8/45 MP: 2/12
   696 | D:5      | HP: 1/45 [iguana (6)]
   697 | D:5      | Mangled by an iguana

Illustrated notes

Levels and vault maps discovered:
D:1:      minmay_arrival_cross, layout_basic, hellmonk_ecumenical_altar_blasted
D:2:      layout_loops_corners, basic_altar
D:3:      layout_rooms, mrwooster_statue_mirror
D:4:      layout_loops_corners, nicolae_overflow_two_pavilions
D:5:      layout_basic, kennysheep_mini, serial_shops, shop, grunt_ministairs_7

Skill      XL: |  1  2  3  4  5  6 |
---------------+-------------------+-----
Spellcasting   | 3 |  3.8
Ice Magic      | 5 |  5.7
Conjurations   | 3 4 |  4.7
Dodging        | |  2.5
Stealth        | |  1.4

Action                   |  1- 3 |  4- 6 || total
-------------------------+-------+-------++-------
Melee: Unarmed           |     4 |       ||     4
 Cast: Freeze            |    24 |    17 ||    41
       Frozen Ramparts   |       |    10 ||    10
       Hailstorm         |       |     1 ||     1
  Use: Potion            |     1 |     4 ||     5
Armor: Robe              |     2 |     4 ||     6
Dodge: Dodged            |    10 |     9 ||    19
